Description

blink pvz

Build Order

Get SALT Encoding   

  14  0:17  Pylon  
  16  0:38  Gateway  
  20  0:46  Assimilator  
  20  1:24  Nexus  
  21  1:34  Cybernetics Core  
  21  1:42  Assimilator  
  23  1:51  Pylon  
  23  2:07  Stalker (Chrono Boost)  
  27  2:11  Warp Gate  
  28  2:26  Twilight Council  
  34  2:33  Adept  
  35  2:51  Gateway  
  36  3:01  Robotics Facility  
  39  3:11  Blink (Chrono Boost)  
  39  3:23  Gateway  
  41  3:29  Gateway  
  41  3:36  Pylon  
  43  3:45  Warp Prism (Chrono Boost)  
  45  3:59  Gateway  
  47  4:08  Stalker  x2
Spawning Tool Build Advisor. Get it on Overwolf

Go to:

Details

  • Created by: JDH
  • Published on: Sep 16, 2025
  • Modified on: Sep 16, 2025
  • Patch: 5.0.11
  • Difficulty: Medium
Show
View Real Time Build Order
Export as new Build Order

Comments (0)

There are no comments. Be the first!

Create an account to comment!